 Dungeon Crawl Stone Soup version 0.30-a0-782-ge64f9170bb (webtiles) character file.

Game seed: 8669463160703911536

1001 Leeroy the Vexing (level 8, -4/39 HPs)
             Began as a Vine Stalker Monk on Mar 7, 2023.
             Slain by an unseen horror (8 damage)
             ... on level 6 of the Dungeon.
             The game lasted 00:08:24 (3902 turns).

Leeroy the Vexing (Vine Stalker Monk)               Turns: 3902, Time: 00:08:25

Health: -4/39      AC:  3    Str: 13    XL:     8   Next: 20%
Magic:  0/15       EV: 13    Int: 10    God:
Gold:   179        SH:  0    Dex: 20    Spells: 8/15 levels left

rFire   x . .      SeeInvis .    C - +1 short sword (speed)
rCold   + . .      Faith    +    x - orb {guile}
rNeg    . . .      Spirit   +    b - +0 robe
rPois   .          Reflect  .    g - +0 helmet
rElec   .          Harm     .    (no cloak)
rCorr   .          Rampage  .    (no gloves)
Will    .....                    (no boots)
Stlth   ++                       e - amulet of faith
HPRegen 1.06/turn                d - ring of willpower
MPRegen 0.14/turn                q - ring of ice

@: no status effects
A: fangs 3, regeneration 1, magic shield, antimagic bite, no potion heal 2
a: no special abilities


You were on level 6 of the Dungeon.
You visited 2 branches of the dungeon, and saw 7 of its levels.

You collected 179 gold pieces.

Inventory:

Hand Weapons
 a - a +0 falchion
 C - a +1 short sword of speed (weapon)
 F - a +0 rapier
Missiles
 y - 3 poisoned darts (quivered)
Armour
 b - a +0 robe (worn)
 g - a +0 helmet (worn)
 w - a +0 helmet
 x - an orb of guile (worn)
 D - a +1 leather armour of fire resistance
Jewellery
 d - a ring of willpower (left hand)
 e - an amulet of faith (around neck)
 q - a ring of ice (right hand)
Wands
 p - a wand of charming (15)
Scrolls
 f - 5 scrolls of identify {unknown}
 h - a scroll of teleportation {unknown}
 i - 3 scrolls of poison {unknown}
 k - 2 scrolls of enchant weapon {unknown}
 l - a scroll of silence {unknown}
 n - a scroll of enchant armour {unknown}
 o - 4 scrolls of vulnerability {unknown}
 s - a scroll of amnesia {unknown}
 u - a scroll of brand weapon {unknown}
 B - 3 scrolls of noise {unknown}
Potions
 c - a potion of might {unknown}
 j - 3 potions of attraction {unknown}
 m - a potion of mutation {unknown}
 r - a potion of heal wounds {unknown}
 t - 3 potions of haste
 v - a potion of berserk rage {unknown}
 z - a potion of brilliance {unknown}
 A - 2 potions of curing
 E - a potion of flight {unknown}


   Skills:
 - Level 2.6 Fighting
 + Level 5.4 Long Blades
 - Level 2.4 Dodging
 - Level 2.4 Stealth
 - Level 4.2 Spellcasting
 - Level 6.1 Hexes


You had 8 spell levels left.
You knew the following spells:

 Your Spells              Type           Power      Damage    Failure   Level
a - Slow                  Hex            56%        N/A       1%          1
b - Confusing Touch       Hex            14%        N/A       6%          3
c - Dazzling Flash        Conj/Hex       16%        N/A       22%         3

Your spell library contained the following spells:

 Spells                   Type           Power      Damage    Failure   Level
 Sting                    Tmut/Pois      8%         1d3       26%         1
 Poisonous Vapours        Pois/Air       4%         N/A       36%         2
 Vampiric Draining        Necr           2%         2d6       58%         3
 Silence                  Hex/Air        4%         N/A       89%         5
 Olgreb's Toxic Radiance  Pois           2%         N/A       94%         4
 Agony                    Necr           2%         N/A       100%        5


Dungeon Overview and Level Annotations

Branches:
Dungeon (6/15)             Temple (1/1) D:4

Altars:
Ashenzari
Cheibriados
Dithmenos
Elyvilon
Gozag
Kikubaaqudgha
Makhleb
Okawaru
Qazlal
Sif Muna
Vehumet
Wu Jian
Xom
The Shining One

Annotations:
D:4 Gyggbridd's ghost, weakling HuFi


Innate Abilities, Weirdness & Mutations

You have razor-sharp teeth.
Your natural rate of healing is unusually fast.
When hurt, damage is shared between your health and your magic reserves.
Your bite disrupts and absorbs the magic of your enemies.
Potions cannot restore your health.


Message History

You barely miss Eustachio. You bite Eustachio.
Eustachio's magic leaks into the air.
You drain his magic.
You feel invigorated.
Eustachio is almost dead.
The quokka bites you. Eustachio barely misses you.
The river rat closely misses you.
Your magical contamination has completely faded away.
You hit Eustachio. You bite Eustachio.
Eustachio's magic leaks into the air.
You drain his magic.
You feel invigorated.
Eustachio is almost dead.
Eustachio hits the quokka with a +0 rapier!
The quokka is killed!
The quokka's corpse disappears in a puff of smoke!
You hit Eustachio.
You kill Eustachio!
The river rat disappears in a puff of smoke!
Your Long Blades skill increases to level 5!
Things that are here:
a +0 rapier; a +0 leather armour
F - a +0 rapier You enter the shallow water.
Moving in this stuff is going to be slow.
j - 3 white potions (gained 1)
Found 5 stones.
Found an ancient bone altar of Kikubaaqudgha.
Found a robe.
Deactivating autopickup; reactivate with Ctrl-A.
You barely miss something. Your bite misses something. Something hits you.
You hit something. You bite something. Something hits you.
You closely miss something. Your bite misses something. Something hits you!
Something hits you but does no damage. Something hits you!
Something hits you. x2
An adder comes into view.
Something hits you! Something hits you.
* * * LOW HITPOINT WARNING * * *
Found 7 stones.
Something hits you!
* * * LOW HITPOINT WARNING * * *
Something hits you!
You die...

## ######### #.. .#
###. ........# #.~
..###... #....## #..
...(...## ##....###..
#......######........#
###[###..##..........##
#☼...§#.......###..[.#
##.....#{..(#### ##...#
...S_..@.#### ###...#
##.....####.#####.....#
#○$..§ #............>#
###.## #...##.....>...#
#. . #.####....# # #.#
###..# ♣♣♣♣'♣♣♣♣ ###
+.......+ ♣.#...#.♣


You could see an adder (asleep).

Vanquished Creatures
  Eustachio (D:6)
  A steam dragon (D:6)
  An ice beast (D:5)
  A black bear (D:6)
  2 phantoms
  A scorpion (D:6)
  A bullfrog (D:6)
  A hound (D:4)
  An orc priest (D:5)
  An orc wizard (D:4)
  Robin (D:4)
  4 adders
  2 shadow imps (D:5)
  A white imp (D:6)
  3 worms
  2 dart slugs
  8 orcs
  5 endoplasms
  3 giant cockroaches
  14 goblins
  9 hobgoblins
  10 jackals
  5 quokkas
  7 ball pythons
  6 bats
  4 frilled lizards
  9 kobolds
  A rat (D:1)
105 creatures vanquished.

Vanquished Creatures (collateral kills)
  A goblin (D:4)
1 creature vanquished.

Vanquished Creatures (others)
  An orc wizard (D:4)
1 creature vanquished.

Grand Total: 107 creatures vanquished

Notes
Turn   | Place    | Note
-------+----------+-------------------------------------------
     0 | D:1      | Leeroy the Vine Stalker Monk began the quest for the Orb.
     0 | D:1      | Reached XP level 1. HP: 11/11 MP: 2/2
    91 | D:1      | Reached XP level 2. HP: 13/16 MP: 0/3
   584 | D:1      | Reached XP level 3. HP: 18/19 MP: 2/4
  1109 | D:2      | Found a shadowy altar of Dithmenos.
  1513 | D:2      | Gained mutation: Your natural rate of healing is unusually
                  | fast. [Vine Stalker growth]
  1513 | D:2      | Reached XP level 4. HP: 23/23 MP: 5/5
  1794 | D:3      | Learned a level 1 spell: Slow
  1852 | D:3      | You fall into a shaft and drop 1 floor!
  1920 | D:4      | Reached skill level 1 in Spellcasting
  1971 | D:4      | Noticed a phantom
  2127 | D:4      | Found a runed translucent door.
  2132 | D:4      | Noticed Gyggbridd's ghost (weakling HuFi)
  2158 | D:4      | Reached XP level 5. HP: 9/27 MP: 3/9
  2159 | D:4      | HP: 1/27 [something/puff of flame (7)]
  2165 | D:4      | Noticed Robin
  2402 | D:4      | Killed a phantom
  2523 | D:4      | Reached XP level 6. HP: 32/32 MP: 10/12
  2584 | D:4      | Learned a level 3 spell: Confusing Touch
  2588 | D:4      | Learned a level 3 spell: Dazzling Flash
  2653 | D:4      | Killed Robin
  2852 | D:4      | Found a staircase to the Ecumenical Temple.
  3067 | Temple   | Entered the Ecumenical Temple
  3258 | D:5      | Entered Level 5 of the Dungeon
  3270 | D:5      | Noticed an ice beast
  3314 | D:5      | Killed an ice beast
  3315 | D:5      | Reached skill level 2 in Hexes
  3442 | D:5      | Reached skill level 3 in Hexes
  3611 | D:6      | Noticed a black bear
  3620 | D:6      | Killed a black bear
  3621 | D:6      | Reached skill level 4 in Hexes
  3621 | D:6      | Reached XP level 7. HP: 35/35 MP: 14/14
  3637 | D:6      | Noticed a steam dragon
  3650 | D:6      | Killed a steam dragon
  3651 | D:6      | Reached skill level 5 in Hexes
  3690 | D:6      | Reached skill level 6 in Hexes
  3690 | D:6      | Gained mutation: You have razor-sharp teeth. [Vine Stalker
                  | growth]
  3690 | D:6      | Reached XP level 8. HP: 39/39 MP: 15/15
  3776 | D:6      | Found a shimmering blue altar of Sif Muna.
  3799 | D:6      | Noticed Eustachio
  3819 | D:6      | Killed Eustachio
  3820 | D:6      | Reached skill level 5 in Long Blades
  3891 | D:6      | Found an ancient bone altar of Kikubaaqudgha.
  3902 | D:6      | Slain by an unseen horror

Illustrated notes

Levels and vault maps discovered:
D:1:      lightli_molten_gateway, layout_loops_ring
D:2:      layout_basic, basic_altar, minmay_splitting_lines, due_unseen_surprise
D:3:      layout_loops_ring, mainiacjoe_overflow_catch_the_wave,
          minmay_pentomino_pile, uniq_ijyb
D:4:      layout_loops_ring, lemuel_temple_firewalk_b,
          hellmonk_ghost_happy_afterlife, serial_bayou_lagoon_b, uniq_robin
D:5:      layout_basic, mainiacjoe_overflow_alcove_2
D:6:      hellmonk_destroyed_diamonds, layout_layer_cave,
          mainiacjoe_overflow_six_doors_small,
          nicolae_kikubaaqudgha_miasma_corner, mainiacjoe_overflow_alcove_1,
          nrook_campfire, chequers_serial_rivers_micro_c, uniq_eustachio
Temple:   hellmonk_temple_of_storms

Skill      XL: |  1  2  3  4  5  6  7  8 |
---------------+-------------------------+-----
Long Blades    | 3 4 5 |  5.4
Spellcasting   | 2 3 4 |  4.2
Hexes          | 4 6 |  6.1
Fighting       | |  2.6
Dodging        | |  2.4
Stealth        | |  2.4

Action                     |  1- 3 |  4- 6 |  7- 9 || total
---------------------------+-------+-------+-------++-------
  Melee: Falchion          |   102 |    92 |       ||   194
         Bite              |    13 |    64 |    27 ||   104
         Punch             |     2 |       |       ||     2
         Short sword       |       |   129 |    51 ||   180
   Cast: Slow              |       |    13 |       ||    13
         Confusing Touch   |       |       |     4 ||     4
  Evoke: Wand              |       |     2 |       ||     2
    Use: Potion            |       |     2 |       ||     2
   Stab: Sleeping          |    10 |     8 |     1 ||    19
         Confused          |       |       |     5 ||     5
 Armour: Robe              |    19 |    48 |     7 ||    74
  Dodge: Dodged            |    62 |   107 |    18 ||   187

Table legend: (Time is in decaauts)
 A = Elapsed time spent in this place.
 B = Non-inter-level travel time spent in this place.
 C = Inter-level travel time spent in this place.
 D = Time resting spent in this place.
 E = Time spent auto-exploring this place.
 F = Levels seen in this place.
 G = Mean time per level.
                   A        B        C        D        E       F      G
               +--------+--------+--------+--------+--------+-----+--------+
         Total |   3865 |   3711 |    154 |    206 |   2593 |   7 |  552.1 |
       Dungeon |   3824 |   3676 |    148 |    206 |   2569 |   6 |  637.3 |
        Temple |     40 |     34 |      6 |      0 |     24 |   1 |   40.0 |
               +--------+--------+--------+--------+--------+-----+--------+

Top non-repeatable levels by time:
     D:4: 1382 daAuts
     D:2: 997 daAuts
     D:1: 757 daAuts
     D:6: 290 daAuts
     D:5: 287 daAuts
     D:3: 109 daAuts
  Temple: 40 daAuts
